 Dungeon Crawl Stone Soup version 0.23-a0-169-gb21e695 (webtiles) character file.

59 grindst0ne the Shield-Bearer (level 4, -1/36 HPs)
             Began as an Octopode Fighter on Sept 11, 2018.
             Slain by a rat (2 damage)
             ... on level 2 of the Dungeon.
             The game lasted 00:01:39 (815 turns).

grindst0ne the Shield-Bearer (Octopode Fighter)      Turns: 815, Time: 00:01:40

Health: -1/36      AC:  1    Str: 15    XL:     4   Next: 3%
Magic:  4/4        EV: 11    Int: 11    God:
Gold:   83         SH:  8    Dex: 11    Spells: 3/3 levels left

rFire    + . .     SeeInvis .   a - +0 war axe
rCold    + + .     Gourm    .   b - +0 shield
rNeg     . . .     Faith    .   (helmet restricted)
rPois    +         Spirit   .   (no amulet)
rElec    +         Reflect  .   (no ring)
rCorr    +         Harm     .   (no ring)
MR       .....                  (no ring)
Stlth    ++........             (no ring)
HPRegen  0.52/turn              (no ring)
MPRegen  0.09/turn              (no ring)
                                (no ring)
                                (no ring)

@: resistant
A: almost no armour, stealthy swim, amphibious, 8 rings, constrict 8, camouflage
1, cold resistance 1, regeneration 1, robust 1, gelatinous body 1
a: no special abilities


You were on level 2 of the Dungeon.
You were not hungry.

You visited 1 branch of the dungeon, and saw 2 of its levels.

You collected 83 gold pieces.

Inventory:

Hand Weapons
 a - a +0 war axe (weapon)
Armour
 b - a +0 shield (worn)
Scrolls
 e - a scroll of fog {unknown}
 g - a scroll of enchant armour {unknown}
 i - a scroll of remove curse {unknown}
 j - a scroll of blinking {unknown}
Potions
 c - a potion of might
 f - a potion of resistance
Comestibles
 d - a ration


   Skills:
 + Level 3.6 Fighting
 + Level 2.8 Axes
 - Level 3.0 Dodging
 + Level 3.6 Shields


You had 3 spell levels left.
You didn't know any spells.
Your spell library was empty.

Dungeon Overview and Level Annotations

Branches:
Dungeon (2/15)

Altars:


Innate Abilities, Weirdness & Mutations

You cannot wear most types of armour.
You are very stealthy in the water. (Stealth+)
You are amphibious.
You can wear up to eight rings at the same time.
You can use your tentacles to constrict eight enemies at once.
Your skin changes colour to match your surroundings (Stealth+).
Your rubbery body absorbs attacks. (AC +1, EV +1)
Your flesh is cold resistant. (rC+)
Your natural rate of healing is unusually fast.
You are robust. (+10% HP)


Message History

You completely miss the adder. Your grab misses the adder.
Your squeeze misses the adder.
The adder is heavily wounded.
You closely miss the rat. You hit the hobgoblin.
You kill the hobgoblin!
You hit the rat but do no damage. You closely miss the rat.
You block the adder's attack. The rat bites you.
* * * LOW HITPOINT WARNING * * *
The rat barely misses you. The rat bites you.
* * * LOW HITPOINT WARNING * * *
The adder bites you.
* * * LOW HITPOINT WARNING * * *
The rat barely misses you. You block the rat's attack. The rat bites you.
* * * LOW HITPOINT WARNING * * *
It was a potion of mutation.
You feel extremely strange.
You feel robust.
You begin to heal more quickly.
You feel resistant to cold. You block the adder's attack.
You block the rat's attack. The rat bites you.
* * * LOW HITPOINT WARNING * * *
The rat bites you.
You die...

.....?.##
##........
#.........
#.........
#.).(.....
#.........
#.........
#rS.......
#.@r......
#.)r......
#.........
#....(....
##........
.......##
###......
.#..##


You could see an adder and 3 rats.

Vanquished Creatures
  A gnoll (D:1)
  2 oozes (D:1)
  2 dart slugs (D:1)
  A leopard gecko (D:1)
  6 bats (D:1)
  2 giant cockroaches (D:1)
  4 hobgoblins
  A ball python (D:2)
  2 frilled lizards (D:1)
  6 goblins (D:1)
  5 kobolds (D:1)
  5 rats (D:1)
37 creatures vanquished.

Notes
Turn   | Place    | Note
-------+----------+-------------------------------------------
     0 | D:1      | grindst0ne the Octopode Fighter began the quest for the
                  | Orb.
     0 | D:1      | Reached XP level 1. HP: 16/16 MP: 1/1
    48 | D:1      | Reached XP level 2. HP: 19/21 MP: 2/2
   229 | D:1      | Reached XP level 3. HP: 26/26 MP: 3/3
   748 | D:1      | Reached XP level 4. HP: 26/33 MP: 4/4
   815 | D:2      | Gained mutation: You are robust. (+10% HP) [potion of
                  | mutation]
   815 | D:2      | Gained mutation: Your natural rate of healing is unusually
                  | fast. [potion of mutation]
   815 | D:2      | Gained mutation: Your flesh is cold resistant. (rC+)
                  | [potion of mutation]
   815 | D:2      | HP: 1/36 [rat (1)]
   815 | D:2      | Slain by a rat

Vault maps used:
D:1:      dpeg_arrival_solitude, hangedman_glass_garden,
          minmay_misc_feat_pillars
D:2:      serial_bayou_lagoon_b, uniq_jessica

Action                   |  1- 3 |  4- 6 || total
-------------------------+-------+-------++-------
Melee: War axe           |    58 |     4 ||    62
       Constrict         |    20 |     2 ||    22
       Tentacles         |    10 |     1 ||    11
  Use: Potion            |       |     2 ||     2
 Stab: Sleeping          |     4 |     1 ||     5
Armor: Skin              |     4 |     2 ||     6
Dodge: Dodged            |    31 |    10 ||    41
Block: Shield            |    22 |    11 ||    33

Table legend:
 A = Non-vault XP
 B = Vault XP
 C = Vault XP percentage of total XP
 D = Non-vault monster count
 E = Vault monster count
 F = Vault count percentage of total count
                 A         B        C        D         E       F
            +---------+---------+-------+---------+---------+-------
      Total |      85 |       0 |   0.0 |      37 |       0 |   0.0
            +---------+---------+-------+---------+---------+-------
        D:1 |      82 |       0 |   0.0 |      35 |       0 |   0.0
        D:2 |       3 |       0 |   0.0 |       2 |       0 |   0.0
            +---------+---------+-------+---------+---------+-------
